 Dungeon Crawl Stone Soup version 0.32-a0-42-ga30500b (webtiles) character file.

Game seed: 2562216396032330153

110 Tyrosin the Ruffian (level 4, 0/13 HPs)
             Began as an Octopode Shapeshifter on Jan 30, 2024.
             Incinerated by a bombardier beetle (5 damage)
             ... with a burning spray
             ... on level 3 of the Dungeon.
             The game lasted 00:03:55 (1808 turns).

Tyrosin the Ruffian (Octopode Shapeshifter)         Turns: 1808, Time: 00:03:56

Health: 0/13       AC:  4    Str: 23 (26) XL:     4   Next: 91%
Magic:  13/13      EV: 10    Int: 16 (18) God:
Gold:   208        SH:  0    Dex:  9 (11) Spells: 3/3 levels left

rFire   . .          .
                       - Unarmed
rCold   . . .        (shield currently unavailable)
rNeg    . . .        (helmet currently unavailable)
rPois   +            (no amulet)
rElec   .            j - ring of magical power
rCorr   .            n - +6 ring of intelligence
SInv    .            q - +6 ring of strength
Will    .....        (no ring)
Stlth   +            (no ring)
HPRegen 0.22/turn    (no ring)
MPRegen 0.13/turn    (no ring)
                     (no ring)

%: no passive effects
@: on fire, snake-form, glowing
A: constrict, reduced hp, almost no armour, amphibious, 8 rings, large,
(camouflage 1), (gelatinous body 1), (nimble swimmer 1), (tentacles)
a: Begin Untransformation


You were on level 3 of the Dungeon.
You were an enormous serpent.
You visited 1 branch of the dungeon, and saw 3 of its levels.

You collected 208 gold pieces.

Inventory:

Jewellery
 j - a ring of magical power (left tentacle)
 n - a +6 ring of intelligence (right tentacle)
 q - a +6 ring of strength (on tentacle)
Talismans
 b - a beast talisman
 c - a flux talisman
 l - a serpent talisman (active)
Scrolls
 e - 3 scrolls of vulnerability {unknown}
 g - a scroll of brand weapon {unknown}
 h - a scroll of fear {unknown}
 i - a scroll of poison {unknown}
 k - a scroll of torment {unknown}
 p - a scroll of identify {unknown}
Potions
 a - 2 potions of lignification
 d - a potion of degeneration
 f - a potion of heal wounds
 m - 2 potions of curing {unknown}
 o - a potion of attraction {unknown}
 r - 2 potions of berserk rage {unknown}


   Skills:
 + Level 2.3 Fighting
 + Level 2.9 Dodging
 + Level 3.7 Unarmed Combat
 + Level 3.6 Shapeshifting


You had 3 spell levels left.
You didn't know any spells.
Your spell library contained the following spells:

 Spells                   Type           Power      Damage    Failure   Level
 Summon Blazeheart Golem  Fire/Summ      0%         N/A       94%         4
 Orb of Destruction       Conj           0%         9d5       100%        7
 Spellforged Servitor     Conj/Summ      0%         N/A       100%        7


Dungeon Overview and Level Annotations

Branches:
Dungeon (3/15)

Altars:

Annotations:
D:3 1 runed translucent door, Crazy Yiuf


Innate Abilities, Weirdness & Mutations

You are an enormous serpent.
You have a powerful constriction melee attack.
Your maximum health is decreased, since you lack skill for your form.
Your armour is entirely melded.
You are incapable of wielding weapons or throwing items.
You cannot wear most types of armour.
You are amphibious.
You can wear up to eight rings at the same time.
((Your skin changes colour to match your surroundings (Stealth+).))
((Your rubbery body absorbs attacks. (AC +1, EV +1)))
((You are camouflaged when in or above water. (Stealth+)))
((You have tentacles for arms and can constrict up to eight enemies at once.))


Message History

The endoplasm quivers.
The endoplasm freezes you.
You are frozen.
You hit the endoplasm.
The endoplasm is heavily wounded.
The endoplasm closely misses you.
You lash the endoplasm!
You kill the endoplasm!
q - a +6 ring of strength
There are no items here.
You feel stronger.
q - a +6 ring of strength (on tentacle)
Found a stone staircase leading down.
A rat comes into view.
The rat bites you but does no damage.
You hit the rat.
You kill the rat!
r - 2 cyan potions You see here the +4 hammer of Zoxkasie {flame, rF++ rC- Int+6}.
Found three hammers.
Found a runed translucent door.
Found a hammer.
Crazy Yiuf shouts!
Crazy Yiuf says, "Pitchfork!"
You see here a +0 hammer.
You see here a +0 hammer.
You see here a +0 hammer.
You see here the +4 hammer of Zoxkasie {flame, rF++ rC- Int+6}.
A bombardier beetle comes into view.
Found a smoky ruby potion.
The bombardier beetle sprays incendiary fluid at you.
The burning spray hits you.
You are covered in liquid fire!
You shake off some of the fire as you move.
The liquid fire burns you! The bombardier beetle bites you.
You are too injured to fight recklessly!
You lash the bombardier beetle! Your grab misses the bombardier beetle.
The bombardier beetle is almost dead.
The liquid fire burns you!
You die...

## #......... .##
#.......... ..#
#.........# #.#
#.........# #.#
#.........##### #. #.##
##.......##...##...
#..###..............!...
##..##...........B......
................S.......
###.....................
###.......############
#.......#
####....#######
##..#.+..#.### ###
##......)#).##...#
#......####)+.).#
##..+.## ###.))#


You could see a bombardier beetle.

Vanquished Creatures
  6 adders
  3 bats
  11 endoplasms
  A giant cockroach (D:1)
  5 goblins
  2 hobgoblins (D:1)
  6 kobolds
  4 quokkas
  4 ball pythons
  2 frilled lizards
  7 rats
51 creatures vanquished.

Notes
Turn   | Place    | Note
-------+----------+-------------------------------------------
     0 | D:1      | Tyrosin the Octopode Shapeshifter began the quest for the
                  | Orb.
     0 | D:1      | Reached XP level 1. HP: 13/13 MP: 1/1
   126 | D:1      | Reached XP level 2. HP: 5/18 MP: 2/2
   570 | D:1      | Reached XP level 3. HP: 14/23 MP: 3/3
  1044 | D:2      | Reached XP level 4. HP: 12/29 MP: 4/4
  1066 | D:2      | Found a faded altar of an unknown god.
  1787 | D:3      | Identified the +4 hammer of Zoxkasie {flame, rF++ rC-
                  | Int+6}
  1788 | D:3      | Found a runed translucent door.
  1789 | D:3      | Noticed Crazy Yiuf
  1808 | D:3      | Incinerated by a bombardier beetle

Illustrated notes

Levels and vault maps discovered:
D:1:      erik_arrival_blinker_ship, layout_loops_cross, minmay_small_reverse_x
D:2:      layout_loops_ring, basic_ecumenical_altar
D:3:      layout_rooms, chequers_garden, uniq_sigmund, uniq_crazy_yiuf_cottage

Skill      XL: |  1  2  3 |
---------------+----------+-----
Fighting       | 2 |  2.3
Dodging        | |  2.9
Unarmed Combat | |  3.7
Shapeshifting  | |  3.6

Action                     |  1- 3 |  4- 6 || total
---------------------------+-------+-------++-------
  Melee: Unarmed           |    69 |    39 ||   108
         Constrict         |    22 |     5 ||    27
         Tentacles         |     8 |       ||     8
    Use: Potion            |       |     2 ||     2
   Stab: Sleeping          |     1 |     1 ||     2
 Armour: Skin              |    15 |    18 ||    33
  Dodge: Dodged            |    37 |    18 ||    55
   Form: Flux              |     1 |       ||     1
         Serpent           |     1 |       ||     1

Table legend: (Time is in decaauts)
 A = Elapsed time spent in this place.
 B = Non-inter-level travel time spent in this place.
 C = Inter-level travel time spent in this place.
 D = Time resting spent in this place.
 E = Time spent auto-exploring this place.
 F = Levels seen in this place.
 G = Mean time per level.
                   A        B        C        D        E       F      G
               +--------+--------+--------+--------+--------+-----+--------+
         Total |   1799 |   1752 |     47 |     53 |   1377 |   3 |  599.7 |
       Dungeon |   1799 |   1752 |     47 |     53 |   1377 |   3 |  599.7 |
               +--------+--------+--------+--------+--------+-----+--------+

Top non-repeatable levels by time:
     D:2: 793 daAuts
     D:1: 790 daAuts
     D:3: 215 daAuts
